 Dungeon Crawl Stone Soup version 0.31-a0-1547-g618ab1f346 (webtiles) character file.

Game seed: 2522232795270907538

820 Flugslaktarn the Toxicologist (level 7, -2/41 HPs)
             Began as an Octopode Alchemist on Jan 3, 2024.
             Slain by Edmund
             ... wielding a +2 heavy flail
              (7 damage)
             ... on level 5 of the Dungeon.
             The game lasted 00:04:58 (1316 turns).

Flugslaktarn the Toxicologist (Octopode Alchemist)  Turns: 1316, Time: 00:04:59

Health: -2/41      AC:  6    Str:  7    XL:     7   Next: 95%
Magic:  3/14       EV: 13    Int: 19    God:
Gold:   151        SH:  0    Dex: 13    Spells: 10/15 levels left

rFire   . . .        j - +1 dagger (venom)
rCold   . . .        (no shield)
rNeg    . . .        i - +1 hat
rPois   .            (no amulet)
rElec   .            p - +4 ring of protection
rCorr   .            (no ring)
SInv    .            (no ring)
Will    .....        (no ring)
Stlth   +++          (no ring)
HPRegen 0.26/turn    (no ring)
MPRegen 0.14/turn    (no ring)
                     (no ring)

%: no passive effects
@: no status effects
A: almost no armour, amphibious, 8 rings, camouflage 1, gelatinous body 1,
(nimble swimmer 1), tentacles
a: no special abilities


You were on level 5 of the Dungeon.
You visited 1 branch of the dungeon, and saw 5 of its levels.

You collected 151 gold pieces.

Inventory:

Hand Weapons
 f - a +0 dagger
   (You took it off a kobold on level 2 of the Dungeon)
 g - a +0 quarterstaff
   (You found it on level 2 of the Dungeon)
 j - a +1 dagger of venom (weapon)
   (You took it off a goblin on level 3 of the Dungeon)
 q - a +0 rapier
   (You took it off Eustachio on level 5 of the Dungeon)
Armour
 i - a +1 hat (worn)
   (You found it on level 2 of the Dungeon)
Jewellery
 p - a +4 ring of protection (left tentacle)
   (You found it on level 3 of the Dungeon)
Talismans
 o - a serpent talisman
   (You found it on level 5 of the Dungeon)
Scrolls
 d - a scroll of fear {unknown}
 e - a scroll of poison {unknown}
 k - a scroll of torment {unknown}
 l - a scroll of enchant armour {unknown}
 r - a scroll of blinking {unknown}
Potions
 a - a potion of magic
 b - a potion of haste {unknown}
 c - a potion of berserk rage {unknown}
 h - a potion of heal wounds {unknown}
 m - a potion of brilliance {unknown}
 n - a potion of might {unknown}


   Skills:
 - Level 2.0 Dodging
 - Level 2.6 Stealth
 + Level 4.9 Spellcasting
 - Level 1.0 Conjurations
 * Level 8.4 Alchemy


You had 10 spell levels left.
You knew the following spells:

 Your Spells              Type           Power      Damage    Failure   Level
a - Sting                 Conj/Alch      88%        1d8       1%          1
b - Olgreb's Toxic Radia  Alch           36%        N/A       4%          4

Your spell library contained the following spells:

 Spells                   Type           Power      Damage    Failure   Level
 Mercury Vapours          Alch/Air       40%        N/A       3%          2
 Mephitic Cloud           Conj/Alch/Air  16%        N/A       11%         3
 Momentum Strike          Conj/Tloc      12%        3d8       16%         2
 Blink                    Tloc           8%         N/A       19%         2
 Lesser Beckoning         Tloc           8%         N/A       19%         2
 Sticky Flame             Fire/Alch      20%        2d6       22%         4


Dungeon Overview and Level Annotations

Branches:
Dungeon (5/15)
 Temple: D:4-7

Altars:
Okawaru

Shops:
D:3 (

Annotations:
D:3 1 runed translucent door
D:4 1 runed translucent door, graki42's ghost, amateur GnCj
D:5 Edmund


Innate Abilities, Weirdness & Mutations

You cannot wear most types of armour.
You are amphibious.
You can wear up to eight rings at the same time.
Your skin changes colour to match your surroundings (Stealth+).
Your rubbery body absorbs attacks. (AC +1, EV +1)
((You are camouflaged when in or above water. (Stealth+)))
You have tentacles for arms and can constrict up to eight enemies at once.


Message History

You constrict the gnoll bouda.
The gnoll bouda hits you but does no damage.
You hit the gnoll bouda but do no damage.
The gnoll bouda looks as sick as possible!
The gnoll bouda is heavily wounded.
You constrict the gnoll bouda, but do no damage.
The gnoll bouda hits you with a +0 whip.
You hit the gnoll bouda.
The gnoll bouda looks as sick as possible!
You squeeze the gnoll bouda, but do no damage.
The gnoll bouda is almost dead.
You constrict the gnoll bouda, but do no damage.
You kill the gnoll bouda!
The iguana hisses menacingly.
Casting: Sting (safe; 1% risk of failure)
Confirm with . or Enter, or press ? or * to list all spells.
Aiming: Sting (safe; 1% risk of failure)
Press: ? - help, Shift-Dir - straight line, f - iguana
Aim: an iguana (79% to hit)
The sting hits the iguana.
The iguana is poisoned.
The iguana is moderately wounded.
Edmund the Younger comes into view.
He is wielding a +2 heavy flail.
Casting: Sting (safe; 1% risk of failure)
Confirm with . or Enter, or press ? or * to list all spells.
Aiming: Sting (safe; 1% risk of failure)
Press: ? - help, Shift-Dir - straight line, f/p - iguana
Aim: an iguana (heavily wounded, poisoned, 79% to hit)
The sting hits the iguana.
The iguana looks even sicker.
The iguana is severely wounded.
The iguana bites you but does no damage.
You hit the iguana but do no damage. You grab the iguana.
The iguana is severely wounded.
You constrict the iguana. The iguana bites you.
You hit the iguana but do no damage.
The iguana looks as sick as possible!
You squeeze the iguana.
You kill the iguana!
Edmund shouts!
Okay, then.
Magic courses through your body. Edmund closely misses you.
Casting: Sting (safe; 1% risk of failure)
Confirm with . or Enter, or press ? or * to list all spells.
You begin to radiate toxic energy.
Edmund is poisoned.
Casting: Olgreb's Toxic Radiance (dangerous; 4% risk of failure)
Confirm with . or Enter, or press ? or * to list all spells.
Your toxic radiance grows in intensity.
Edmund hits you with a +2 heavy flail!
Casting: Olgreb's Toxic Radiance (dangerous; 4% risk of failure)
Confirm with . or Enter, or press ? or * to list all spells.
Aiming: Sting (safe; 1% risk of failure)
Press: ? - help, Shift-Dir - straight line, f - Edmund
Aim: Edmund, wielding a +2 heavy flail and wearing a +0 chain mail (moderately wounded, poisoned, 82% to hit)
The sting hits Edmund.
Edmund looks even sicker.
Edmund is moderately wounded.
Edmund hits you with a +2 heavy flail.
Casting: Sting (safe; 1% risk of failure)
Confirm with . or Enter, or press ? or * to list all spells.
Aiming: Sting (safe; 1% risk of failure)
Press: ? - help, Shift-Dir - straight line, f/p - Edmund
Aim: Edmund, wielding a +2 heavy flail and wearing a +0 chain mail (moderately wounded, very poisoned, 82% to hit)
The sting hits Edmund but does no damage.
Edmund looks even sicker.
Edmund is moderately wounded.
Edmund looks as sick as possible!
Your toxic aura wanes.
Okay, then.
Okay, then.
Edmund attacks as he pursues you! Edmund hits you with a +2 heavy flail.
Edmund attacks as he pursues you! Edmund closely misses you.
Casting: Sting (safe; 1% risk of failure)
Confirm with . or Enter, or press ? or * to list all spells.
Aiming: Sting (safe; 1% risk of failure)
Press: ? - help, Shift-Dir - straight line, f/p - Edmund
Aim: Edmund, wielding a +2 heavy flail and wearing a +0 chain mail (severely wounded, very poisoned, 82% to hit)
The sting hits Edmund but does no damage.
Edmund looks as sick as possible!
Edmund is severely wounded.
Edmund closely misses you.
Casting: Sting (safe; 1% risk of failure)
Confirm with . or Enter, or press ? or * to list all spells.
Aiming: Sting (safe; 1% risk of failure)
Press: ? - help, Shift-Dir - straight line, f/p - Edmund
Aim: Edmund, wielding a +2 heavy flail and wearing a +0 chain mail (severely wounded, extremely poisoned, 82% to hit)
The sting hits Edmund but does no damage.
Edmund looks as sick as possible!
Edmund is severely wounded.
Casting: Sting (safe; 1% risk of failure)
Confirm with . or Enter, or press ? or * to list all spells.
Aiming: Sting (safe; 1% risk of failure)
Press: ? - help, Shift-Dir - straight line, f/p - Edmund
Aim: Edmund, wielding a +2 heavy flail and wearing a +0 chain mail (severely wounded, extremely poisoned, 82% to hit)
The sting hits Edmund but does no damage.
Edmund looks as sick as possible!
Edmund is severely wounded.
Edmund hits you with a +2 heavy flail!
* * * LOW HITPOINT WARNING * * *
You hit Edmund but do no damage.
Edmund looks as sick as possible!
Your grab misses Edmund. You squeeze Edmund, but do no damage.
Edmund is severely wounded.
Edmund hits you with a +2 heavy flail!
You die...
Edmund whines, "They better pay attention to me now!"

#.# #.# ###.#####
#.# #....†..# #.#
#.......# #.#
#.......# #.#
#...)...# #.#
#.).....## #.#
####.....).#. #@#
#..........+.
#@####.##.......#.
#........#........
######'#.#'#.###..
........# ..
........#
.........#
.........#
#.........#


You could see Edmund (extremely poisoned).

Vanquished Creatures
  Prince Ribbit (D:5)
  Eustachio (D:5)
  An ogre (D:4)
  3 scorpions
  A bombardier beetle (D:5)
  A gnoll bouda (D:5)
  An iguana (D:5)
  An orc wizard (D:3)
  4 adders
  3 gnolls (D:5)
  2 dart slugs
  A ribbon worm (D:3)
  7 orcs (D:3)
  2 ball pythons
  2 endoplasms
  2 giant cockroaches
  6 goblins
  6 hobgoblins
  4 jackals (D:4)
  2 bats
  3 frilled lizards
  5 kobolds
  3 rats
62 creatures vanquished.

Notes
Turn   | Place    | Note
-------+----------+-------------------------------------------
     0 | D:1      | Flugslaktarn the Octopode Alchemist began the quest for the
                  | Orb.
     0 | D:1      | Reached XP level 1. HP: 11/11 MP: 3/3
   185 | D:2      | Reached XP level 2. HP: 17/17 MP: 3/5
   209 | D:2      | Reached skill level 4 in Alchemy
   315 | D:2      | Reached XP level 3. HP: 21/21 MP: 2/6
   527 | D:4      | Noticed a scorpion
   527 | D:4      | Noticed a scorpion
   549 | D:4      | Killed a scorpion
   550 | D:4      | Reached skill level 5 in Alchemy
   550 | D:4      | Reached XP level 4. HP: 23/27 MP: 1/8
   558 | D:4      | Learned a level 4 spell: Olgreb's Toxic Radiance
   605 | D:4      | Killed a scorpion
   606 | D:4      | Reached XP level 5. HP: 27/31 MP: 4/9
   724 | D:4      | Noticed an ogre
   748 | D:4      | Killed an ogre
   749 | D:4      | Reached skill level 6 in Alchemy
   749 | D:4      | Reached XP level 6. HP: 36/36 MP: 0/11
   788 | D:3      | Found Myuriyb's Weapon Boutique.
   826 | D:3      | Found a runed translucent door.
   934 | D:4      | Found a runed translucent door.
   941 | D:4      | Noticed graki42's ghost (amateur GnCj)
   957 | D:5      | Entered Level 5 of the Dungeon
   957 | D:5      | Noticed Eustachio
   970 | D:5      | Noticed Prince Ribbit
  1164 | D:5      | Killed Eustachio
  1165 | D:5      | Reached skill level 7 in Alchemy
  1165 | D:5      | Reached XP level 7. HP: 41/41 MP: 2/13
  1226 | D:4      | Found an iron altar of Okawaru.
  1281 | D:5      | Killed Prince Ribbit
  1282 | D:5      | Reached skill level 8 in Alchemy
  1295 | D:5      | Noticed Edmund
  1316 | D:5      | Slain by Edmund

Illustrated notes

Levels and vault maps discovered:
D:1:      dpeg_arrival_connections, layout_basic
D:2:      layout_loops_ring, uniq_robin
D:3:      layout_basic, serial_shops, nicolae_shop_tiny_real_fake_doors,
          hellmonk_ecumenical_altar_dog_temple, uniq_crazy_yiuf_cottage
D:4:      layout_basic, okawaru_ov_weapons_minmay, ebering_ghost_sewer_d
D:5:      layout_basic, mainiacjoe_overflow_concentric_impassable,
          nicolae_wu_jian_immortal_techniques, uniq_edmund, uniq_eustachio,
          uniq_prince_ribbit1

Skill      XL: |  1  2  3  4  5  6  7 |
---------------+----------------------+-----
Alchemy        | 4 5 6 7 8 |  8.4
Spellcasting   | 3 4 |  4.9
Dodging        | |  2.0
Stealth        | |  2.6
Conjurations   | |  1.0

Action                     |  1- 3 |  4- 6 |  7- 9 || total
---------------------------+-------+-------+-------++-------
  Melee: Unarmed           |     7 |       |       ||     7
         Constrict         |     2 |     6 |     2 ||    10
         Tentacles         |     1 |     4 |     3 ||     8
         Dagger            |     7 |    14 |    10 ||    31
   Cast: Sting             |    35 |    27 |    11 ||    73
         Olgreb's Toxic Ra |       |     7 |     5 ||    12
    Use: Potion            |     1 |       |     1 ||     2
 Armour: Skin              |    11 |     9 |    12 ||    32
  Dodge: Dodged            |    12 |    10 |     6 ||    28

Table legend: (Time is in decaauts)
 A = Elapsed time spent in this place.
 B = Non-inter-level travel time spent in this place.
 C = Inter-level travel time spent in this place.
 D = Time resting spent in this place.
 E = Time spent auto-exploring this place.
 F = Levels seen in this place.
 G = Mean time per level.
                   A        B        C        D        E       F      G
               +--------+--------+--------+--------+--------+-----+--------+
         Total |   1314 |   1112 |    202 |      0 |      0 |   5 |  262.8 |
       Dungeon |   1314 |   1112 |    202 |      0 |      0 |   5 |  262.8 |
               +--------+--------+--------+--------+--------+-----+--------+

Top non-repeatable levels by time:
     D:3: 368 daAuts
     D:4: 363 daAuts
     D:2: 230 daAuts
     D:5: 179 daAuts
     D:1: 174 daAuts
